 Dungeon Crawl Stone Soup version 0.27.1 (webtiles) character file.

Game seed: 15042447223341698288

14 chaosape the Vexing (level 2, 0/23 HPs)
             Began as a Gnoll Wanderer on Aug 22, 2021.
             Was a Follower of Cheibriados.
             Slain by Jessica (14 damage)
             ... on level 2 of the Dungeon.
             The game lasted 00:09:55 (1170 turns).

chaosape the Vexing (Gnoll Wanderer)                Turns: 1170, Time: 00:09:56

Health: 0/23       AC:  3    Str: 10    XL:     2   Next: 45%
Magic:  0/5        EV: 11    Int: 16    God:    Cheibriados [*.....]
Gold:   32         SH:  0    Dex: 13    Spells: 5/6 levels left

rFire    . . .     SeeInvis .   h - +0 short sword
rCold    . . .     Faith    .   (no shield)
rNeg     . . .     Spirit   .   c - +1 robe
rPois    .         Reflect  .   (no helmet)
rElec    .         Harm     .   (no cloak)
rCorr    .         Rampage  .   (no gloves)
Will     .....                  (no boots)
Stlth    ++........             (no amulet)
HPRegen  0.07/turn              (no ring)
MPRegen  0.09/turn              (no ring)

@: very slow
A: fangs 1, strong nose, distributed training
a: Renounce Religion, Bend Time


You were on level 2 of the Dungeon.
You worshipped Cheibriados.
Cheibriados was aware of your devotion.
You visited 1 branch of the dungeon, and saw 2 of its levels.

You collected 32 gold pieces.

Inventory:

Hand Weapons
 a - a +0 dagger
 e - a +0 whip
 g - a +0 dagger
 h - a +0 short sword (weapon)
Missiles
 f - 25 stones
Armour
 c - a +1 robe (worn)
Potions
 b - a potion of lignification
 i - a potion of cancellation {unknown}
Miscellaneous
 d - a condenser vane


   Skills:
 + Level 2.5 Fighting
 + Level 0.4 Short Blades
 + Level 2.5 Long Blades
 + Level 0.4 Axes
 + Level 0.4 Maces & Flails
 + Level 0.4 Polearms
 + Level 0.4 Staves
 + Level 0.4 Slings
 + Level 0.4 Bows
 + Level 0.4 Crossbows
 + Level 0.4 Throwing
 + Level 0.4 Armour
 + Level 0.4 Dodging
 + Level 4.1 Stealth
 + Level 0.4 Shields
 + Level 0.4 Unarmed Combat
 + Level 2.7 Spellcasting
 + Level 2.0 Conjurations
 + Level 5.3 Hexes
 + Level 0.2 Summonings
 + Level 0.2 Necromancy
 + Level 0.2 Translocations
 + Level 0.2 Transmutations
 + Level 0.2 Fire Magic
 + Level 0.2 Ice Magic
 + Level 0.2 Air Magic
 + Level 0.2 Earth Magic
 + Level 0.2 Poison Magic
 + Level 0.5 Invocations
 + Level 2.5 Evocations


You had 5 spell levels left.
You knew the following spells:

 Your Spells              Type           Power      Damage    Failure   Level
a - Summon Small Mammal   Summ           12%        N/A       17%         1

Your spell library contained the following spells:

 Spells                   Type           Power      Damage    Failure   Level
 Summon Guardian Golem    Hex/Summ       11%        N/A       19%         3


Dungeon Overview and Level Annotations

Branches:
Dungeon (2/15)

Altars:
Cheibriados

Annotations:
D:2 Jessica


Innate Abilities, Weirdness & Mutations

You have very sharp teeth.
Your uncanny sense of smell can sniff out nearby items.
Your experience applies equally to all skills.


Message History

You start resting.
Magic restored.
You start resting.
HP restored.
There is a stone staircase leading down here.
You climb downwards.
Level annotation: Jessica
There is a stone staircase leading up here.
You closely miss Jessica.
Jessica casts a spell.
Jessica blinks!
Casting: Summon Small Mammal (safe; 17% risk of failure)
Confirm with . or Enter, or press ? or * to list all spells.
You miscast Summon Small Mammal.
You are very lightly contaminated with residual magic.
Nothing appears to happen.
Casting: Summon Small Mammal (safe; 17% risk of failure)
Confirm with . or Enter, or press ? or * to list all spells.
Casting: Summon Small Mammal (safe; 17% risk of failure)
Confirm with . or Enter, or press ? or * to list all spells.
Jessica hits your bat with a +1 dagger of electrocution.
Your bat dies!
Your bat's corpse disappears in a puff of smoke!
Casting: Summon Small Mammal (safe; 17% risk of failure)
Confirm with . or Enter, or press ? or * to list all spells.
Jessica gestures wildly while chanting.
Jessica blinks!
Casting: Summon Small Mammal (safe; 17% risk of failure)
Confirm with . or Enter, or press ? or * to list all spells.
You swap places.
You closely miss Jessica. You bite Jessica, but do no damage.
Jessica misses you.
Jessica hits you with a +1 dagger of electrocution.
Your magical contamination has completely faded away.
You hit Jessica.
Jessica is heavily wounded.
Jessica hits you with a +1 dagger of electrocution.
You are electrocuted!
Ouch! That really hurt!
You die...

#.##.# #.##.# #.##.#
#.##.# #.##.# #####
#b##># ####...###
#r##.# .........#
#b##.# .......#.##
#@##.# ..........#
##@##.#
...J......#####...#.#
...b†b..............#
.###...########...###
#...#########.####.#
#......@Jbb........#
####################


You could see Jessica (ally target), 2 friendly bats and a friendly rat
(summoned).

Vanquished Creatures
  2 bats
  3 giant cockroaches (D:1)
  2 ball pythons (D:1)
  A rat (D:1)
8 creatures vanquished.

Vanquished Creatures (collateral kills)
  An endoplasm (D:2)
  3 frilled lizards (D:1)
  3 kobolds (D:1)
  A rat (D:1)
8 creatures vanquished.

Grand Total: 16 creatures vanquished

Notes
Turn   | Place    | Note
-------+----------+-------------------------------------------
     0 | D:1      | chaosape the Gnoll Wanderer began the quest for the Orb.
     0 | D:1      | chaosape set off with the following items: a +0 dagger, a
                  | potion of lignification, a +0 robe, a condenser vane; and
                  | the following spell memorised: Summon Small Mammal; and the
                  | following spells available to memorise: Summon Guardian
                  | Golem
     0 | D:1      | Reached XP level 1. HP: 17/17 MP: 4/4
   430 | D:1      | Found a faded altar of an unknown god.
   437 | D:1      | Reached XP level 2. HP: 22/23 MP: 5/5
   453 | D:1      | Became a worshipper of Cheibriados the Contemplative
   453 | D:1      | Reached * piety under Cheibriados
   850 | D:2      | Noticed Jessica
  1170 | D:2      | Slain by Jessica

Illustrated notes

Levels and vault maps discovered:
D:1:      nicolae_arrival_memento_mori, layout_rooms,
          hellmonk_ecumenical_altar_crossroads
D:2:      layout_loops_ring, uniq_jessica

Skill      XL: |  1 |
---------------+----+-----
Conjurations   | 2 |  2.0
Fighting       | |  2.5
Short Blades   | |  0.4
Long Blades    | |  2.5
Axes           | |  0.4
Maces & Flails | |  0.4
Polearms       | |  0.4
Staves         | |  0.4
Slings         | |  0.4
Bows           | |  0.4
Crossbows      | |  0.4
Throwing       | |  0.4
Armour         | |  0.4
Dodging        | |  0.4
Stealth        | |  4.1
Shields        | |  0.4
Unarmed Combat | |  0.4
Spellcasting   | |  2.7
Hexes          | |  5.3
Summonings     | |  0.2
Necromancy     | |  0.2
Translocations | |  0.2
Transmutations | |  0.2
Fire Magic     | |  0.2
Ice Magic      | |  0.2
Air Magic      | |  0.2
Earth Magic    | |  0.2
Poison Magic   | |  0.2
Invocations    | |  0.5
Evocations     | |  2.5

Action                   || total
-------------------------++-------
Melee: Dagger            ||    20
       Short sword       ||    20
       Bite              ||     5
 Cast: Summon Small Mamm ||    34
  Use: Scroll            ||     2
Armor: Robe              ||    21
Dodge: Dodged            ||    30
